 Dungeon Crawl Stone Soup version 0.19.0 (webtiles) character file.

193 Lyric the Shooter (level 6, -3/37 HPs)
             Began as a Kobold Hunter on Nov 15, 2016.
             Was a Believer of Makhleb.
             Slain by an iguana (6 damage)
             ... on level 4 of the Dungeon.
             The game lasted 00:18:02 (2737 turns).

Lyric the Shooter (Kobold Hunter)                   Turns: 2737, Time: 00:18:02

Health: -3/37      AC:  4    Str:  9    XL:     6   Next: 2%
Magic:  6/6        EV: 15    Int: 12    God:    Makhleb [**....]
Gold:   199        SH:  0    Dex: 18    Spells: 0 memorised, 5 levels left

rFire  . . .     SeeInvis .     a - +1 shortbow
rCold  . . .     Gourm    +     c - +0 leather armour
rNeg   . . .     Faith    .     (shield currently unavailable)
rPois  .         Spirit   .     (no helmet)
rElec  .         Reflect  .     (no cloak)
rCorr  .         Harm     .     (no gloves)
MR     .....                    w - +0 pair of boots
Stlth  ++........               x - amulet of the gourmand
                                (no ring)
                                (no ring)

@: lethally poisoned (-3 -> -5)
A: carnivore 3
a: Minor Destruction, Renounce Religion


You were on level 4 of the Dungeon.
You worshipped Makhleb.
Makhleb was pleased with you.
You were full.

You visited 1 branch of the dungeon, and saw 4 of its levels.

You collected 199 gold pieces.

Inventory:

Hand Weapons
 a - a +1 shortbow (weapon)
 b - a +0 short sword
Missiles
 d - 90 arrows (quivered)
Armour
 c - a +0 leather armour (worn)
 w - a +0 pair of boots (worn)
Jewellery
 x - an amulet of the gourmand (around neck)
Scrolls
 g - 3 scrolls of teleportation {unknown}
 l - 3 scrolls of identify
 m - a scroll of recharging {unknown}
 p - a scroll of magic mapping {unknown}
 q - 2 scrolls of blinking {unknown}
 r - 4 scrolls of remove curse {unknown}
Potions
 e - 2 potions of degeneration {unknown}
 i - a potion of ambrosia {unknown}
 o - a potion of curing {unknown}
 s - a potion of brilliance {unknown}
 u - 2 potions of agility {unknown}
 v - a potion of magic {unknown}
Books
 n - a book of Minor Magic

   Spells                             Type                      Level
   a - Magic Dart                     Conjuration                  1
   b - Blink                          Translocation                2
   c - Call Imp                       Summoning                    2
   d - Repel Missiles                 Charms/Air                   2
   e - Slow                           Hexes                        2
   f - Conjure Flame                  Conjuration/Fire             3
   g - Mephitic Cloud                 Conjuration/Poison/Air       3
Comestibles
 f - a meat ration
 j - a royal jelly
 k - 2 beef jerkies
 t - 3 bread rations


   Skills:
 + Level 3.0 Fighting
 + Level 6.2 Bows
 + Level 0.5 Armour
 + Level 2.6 Dodging
 + Level 1.5 Stealth


You had 5 spell levels left.
You didn't know any spells.

Dungeon Overview and Level Annotations

Branches:
Dungeon (4/15)
 Temple: D:4-7

Altars:
Elyvilon
Gozag
Makhleb
Nemelex Xobeh


Innate Abilities, Weirdness & Mutations

You are small and have problems with some larger weapons.
You are carnivorous and can eat meat at any time.


Message History

You feel sick. The iguana misses you.
Firing (i - inventory):
d - 93 arrows (quivered)
Press: ? - help, Shift-Dir - straight line, f/p - iguana
Aim: an iguana (heavily wounded)
You shoot an arrow.
The arrow hits the iguana but does no damage.
The iguana is heavily wounded.
The iguana completely misses you.
Firing (i - inventory):
d - 92 arrows (quivered)
Press: ? - help, Shift-Dir - straight line, f/p - iguana
Aim: an iguana (heavily wounded)
You shoot an arrow. The arrow closely misses the iguana.
The iguana misses you.
Firing (i - inventory):
d - 91 arrows (quivered)
Press: ? - help, Shift-Dir - straight line, f/p - iguana
Aim: an iguana (heavily wounded)
You shoot an arrow. The arrow hits the iguana.
The iguana is severely wounded.
* * * LOW HITPOINT WARNING * * *
You feel sick. The iguana bites you.
You die...

### #<#
#@# #l#
#(..a....
..#.#####
.#.#.#
.⌠.(# .
.. .## ##
.## # #.


You could see an iguana.

Vanquished Creatures
  A worker ant (D:4)
  An iguana (D:3)
  5 adders
  An ooze (D:3)
  2 worms (D:3)
  4 dart slugs
  3 leopard geckos
  A giant cockroach (D:2)
  8 goblins
  12 hobgoblins
  A ball python (D:2)
  7 bats
  6 frilled lizards
  17 kobolds
  9 rats
78 creatures vanquished.

Vanquished Creatures (others)
  A goblin (D:2)
1 creature vanquished.

Grand Total: 79 creatures vanquished

Notes
Turn   | Place    | Note
-------+----------+-------------------------------------------
     0 | D:1      | Lyric the Kobold Hunter began the quest for the Orb.
     0 | D:1      | Reached XP level 1. HP: 12/12 MP: 1/1
   135 | D:1      | Reached XP level 2. HP: 11/17 MP: 2/2
   289 | D:1      | Reached XP level 3. HP: 21/21 MP: 3/3
   810 | D:1      | Reached skill level 5 in Bows
   891 | D:2      | Found a faded altar of an unknown god.
   922 | D:2      | Became a worshipper of Makhleb the Destroyer
   922 | D:2      | Reached * piety under Makhleb
   946 | D:2      | Found a white marble altar of Elyvilon.
  1089 | D:2      | Reached XP level 4. HP: 24/27 MP: 4/4
  1806 | D:2      | Reached XP level 5. HP: 7/31 MP: 5/5
  2123 | D:3      | Reached ** piety under Makhleb
  2359 | D:3      | Reached skill level 6 in Bows
  2443 | D:3      | Found a sparkling altar of Nemelex Xobeh.
  2444 | D:3      | Found an opulent altar of Gozag.
  2729 | D:4      | Reached XP level 6. HP: 25/37 MP: 6/6
  2737 | D:4      | Slain by an iguana

Skill      XL: |  1  2  3  4  5 |
---------------+----------------+-----
Bows           | 5 6 |  6.2
Fighting       | 3 |  3.0
Armour         | |  0.5
Dodging        | |  2.6
Stealth        | |  1.5

Action                   |  1- 3 |  4- 6 || total
-------------------------+-------+-------++-------
 Fire: Shortbow          |   115 |   155 ||   270
  Use: Scroll            |     1 |       ||     1
       Potion            |       |     1 ||     1
  Eat: Chunk             |     2 |     2 ||     4
       Meat ration       |       |     1 ||     1
Armor: Leather armour    |     7 |    14 ||    21
Dodge: Dodged            |    34 |    88 ||   122
